 Dungeon Crawl Stone Soup version 0.31.0-11-ge490571c62 (webtiles) character file.

Game seed: 6249189060123684533

15901 Curundu the Severer (level 12, -16/108 HPs)
             Began as a Minotaur Berserker on Jan 26, 2024.
             Was an Elder of Trog.
             Demolished by a green draconian monk (19 damage)
             ... on level 2 of the Abyss.
             The game lasted 00:37:56 (12112 turns).

Curundu the Severer (Minotaur Berserker)           Turns: 12112, Time: 00:37:57

Health: -16/108    AC: 18    Str: 26    XL:     12   Next: 5%
Magic:  11/11      EV:  8    Int:  4    God:    Trog [****..]
Gold:   541        SH:  9    Dex: 11    Spells: 11/11 levels left

rFire   . . .        w - +1 war axe
rCold   . . .        t - +0 kite shield
rNeg    . . .        b - +0 plate armour
rPois   .            (helmet restricted)
rElec   .            f - +0 cloak
rCorr   .            g - +0 pair of gloves
SInv    +            (no boots)
Will    +....        (no amulet) Stlth
                     i - ring of willpower
HPRegen 0.38/turn    l - ring of see invisible
MPRegen 0.12/turn

%: no passive effects
@: lethally poisoned (-16 -> -27), slowed, very slow
A: horns 2, retaliatory headbutt
a: Renounce Religion, Berserk, Trog's Hand, Brothers in Arms


You were on level 2 of the Abyss.
You worshipped Trog.
Trog was greatly pleased with you.
You visited 1 branch of the dungeon, and saw 12 of its levels.
You visited the Abyss 1 time.

You collected 541 gold pieces.

Inventory:

Hand Weapons
 w - a +1 war axe (weapon)
Missiles
 h - 6 boomerangs (quivered)
 r - 2 throwing nets
Armour
 b - a +0 plate armour (worn)
 f - a +0 cloak (worn)
 g - a +0 pair of gloves (worn)
 t - a +0 kite shield (worn)
Jewellery
 i - a ring of willpower (left hand)
 l - a ring of see invisible (right hand)
 s - an amulet of guardian spirit
Wands
 a - a wand of mindburst (6)
 k - a wand of iceblast (23)
 u - a wand of digging (6)
Scrolls
 c - a scroll of fog
 o - 2 scrolls of fear
 x - a scroll of revelation
 y - 2 scrolls of teleportation
 z - a scroll of identify
Potions
 d - 2 potions of attraction
 e - 2 potions of haste
 j - 2 potions of might {unknown}
 m - 2 potions of heal wounds {unknown}
 n - a potion of mutation {unknown}
 p - 2 potions of ambrosia {unknown}
 q - a potion of resistance {unknown}
 v - a potion of curing
 A - a potion of magic {unknown}


   Skills:
 + Level 10.7 Fighting
 + Level 15.2 Axes
 + Level 1.6 Throwing
 + Level 12.1 Armour
 + Level 5.5 Dodging
 + Level 1.7 Stealth
 + Level 6.9 Shields


You had 11 spell levels left.
You didn't know any spells.
Your spell library was empty.

Dungeon Overview and Level Annotations

Branches:
Dungeon (12/15)            Temple (0/1) D:6            Lair (0/5) D:10
    Orc (0/2) D:11

Altars:
Elyvilon
Fedhas
Qazlal
Ru
Sif Muna
Uskayaw
Xom

Annotations:
D:12 Sonja


Innate Abilities, Weirdness & Mutations

You have a pair of horns on your head.
You reflexively headbutt those who attack you in melee.


Message History

You feel sick.
You are no longer poisoned.
You start resting.
A chaos spawn coalesces out of pure chaos.
A chaos spawn is nearby!
The small abomination hits you but does no damage.
You hit the small abomination.
The small abomination is lightly damaged.
You block the small abomination's attack.
The small abomination hits you.
You slash the small abomination!
The small abomination is heavily damaged.
You block the small abomination's attack.
You hit the small abomination.
The small abomination is severely damaged.
The small abomination hits you.
* * * LOW HITPOINT WARNING * * *
You slash the small abomination!
You destroy the small abomination!
Trog accepts your kill.
You start resting.
You recover from your berserk rage.
An ancient zyme comes into view.
You feel yourself growing ill in the presence of the ancient zyme.
A green draconian monk comes into view.
The green draconian monk breathes poison at you.
You are engulfed in poison gas.
You are poisoned.
* * * LOW HITPOINT WARNING * * *
You feel very sick.
You are engulfed in poison gas.
You are lethally poisoned!
* * * LOW HITPOINT WARNING * * *
You feel extremely sick.
* * * LOW HITPOINT WARNING * * *
You feel extremely sick.
* * * LOW HITPOINT WARNING * * *
You feel very sick. The green draconian monk hits you!!
You die...

.... ...
.... .# #.
_. #. ..
x#.## ## ..
. ....... #
. . .......
###.. ....
...##°####
#.
...##@#..##
.... ..
###q○..#
4........
#.#.# .
.#.. # #.°.
..#.....
...# ..
..... #
°... #..
...#. .#.#
..##


You could see a green draconian monk.

Vanquished Creatures
  A boulder beetle (D:11)
  The ghost of harryby the Fighter, a novice MiFi of Wu Jian (D:10)
  A two-headed ogre (D:10)
  3 death yaks (D:10)
  An ugly thing (D:12)
  2 unseen horrors
  A gargoyle (D:11)
  3 kobold demonologists
  2 trolls
  A hornet (D:7)
  Grinder (D:4)
  A vampire (D:12)
  A water elemental (D:11)
  2 shadows
  2 wraiths (D:10)
  19 yaks
  3 vampire mosquitoes (D:11)
  5 water moccasins
  A black bear (D:6)
  An ice beast (D:6)
  6 orc warriors
  A small abomination (Abyss:2)
  3 ogres
  6 centaurs
  2 phantoms
  12 kobold brigands
  5 bullfrogs
  2 scorpions (D:4)
  A gnoll sergeant (D:7)
  14 killer bees
  A howler monkey (D:9)
  An electric eel (D:11)
  11 orc priests
  4 hounds
  4 jellies
  2 gnoll boudas
  5 iguanas
  10 orc wizards
  A hell rat (D:10)
  18 gnolls
  8 adders
  A shadow imp (D:6)
  2 white imps
  2 ribbon worms (D:3)
  34 orcs
  8 bats
  4 endoplasms
  3 giant cockroaches
  6 goblins
  9 hobgoblins
  7 jackals
  7 quokkas
  7 ball pythons
  26 kobolds
  2 rats
287 creatures vanquished.

Notes
Turn   | Place    | Note
-------+----------+-------------------------------------------
     0 | D:1      | Curundu the Minotaur Berserker began the quest for the Orb.
     0 | D:1      | Reached XP level 1. HP: 19/19 MP: 0/0
   146 | D:1      | Reached XP level 2. HP: 27/27 MP: 1/1
   226 | D:1      | Reached skill level 4 in Axes
   936 | D:2      | Reached XP level 3. HP: 23/33 MP: 2/2
  1073 | D:2      | Reached ** piety under Trog
  1692 | D:2      | Reached XP level 4. HP: 41/41 MP: 3/3
  2306 | D:3      | Reached skill level 5 in Axes
  2634 | D:4      | Noticed a scorpion
  2638 | D:4      | Killed a scorpion
  2639 | D:4      | Reached XP level 5. HP: 47/47 MP: 4/4
  2643 | D:4      | Noticed Grinder
  2665 | D:4      | Killed Grinder
  2666 | D:4      | Reached skill level 5 in Fighting
  2666 | D:4      | Reached skill level 6 in Axes
  2666 | D:4      | Reached XP level 6. HP: 55/56 MP: 5/5
  2862 | D:4      | Reached skill level 7 in Axes
  2862 | D:4      | Reached skill level 1 in Stealth
  3078 | D:4      | Noticed a water moccasin
  3090 | D:4      | Killed a water moccasin
  3091 | D:4      | Reached XP level 7. HP: 56/62 MP: 6/6
  3551 | D:5      | Entered Level 5 of the Dungeon
  3704 | D:5      | Reached skill level 8 in Axes
  3879 | D:5      | Reached *** piety under Trog
  4023 | D:5      | Reached skill level 5 in Armour
  4028 | D:5      | Reached XP level 8. HP: 53/70 MP: 7/7
  4381 | D:6      | Found a staircase to the Ecumenical Temple.
  4422 | D:6      | Reached skill level 9 in Axes
  5332 | D:7      | Reached skill level 10 in Axes
  5409 | D:7      | Reached XP level 9. HP: 74/79 MP: 8/8
  6355 | D:8      | Reached skill level 11 in Axes
  6415 | D:8      | Reached skill level 1 in Shields
  7026 | D:8      | Reached **** piety under Trog
  7237 | D:9      | Found a stormy altar of Qazlal.
  7237 | D:9      | Found a white marble altar of Elyvilon.
  7237 | D:9      | Found a sacrificial altar of Ru.
  7237 | D:9      | Found a hide-covered altar of Uskayaw.
  7237 | D:9      | Found a shimmering blue altar of Sif Muna.
  7237 | D:9      | Found a shimmering altar of Xom.
  7383 | D:9      | Reached skill level 5 in Dodging
  7389 | D:9      | Reached XP level 10. HP: 56/89 MP: 9/9
  7400 | D:9      | Reached skill level 12 in Axes
  8264 | D:10     | Entered Level 10 of the Dungeon
  8579 | D:10     | Noticed harryby's ghost (novice MiFi)
  8585 | D:10     | Reached skill level 13 in Axes
  8594 | D:10     | Reached skill level 10 in Armour
  8595 | D:10     | Found a runed translucent gate.
  8596 | D:10     | Found a runed translucent gate.
  8596 | D:10     | Found a runed translucent gate.
  8621 | D:10     | Noticed a death yak
  8633 | D:10     | Noticed a death yak
  8638 | D:10     | Noticed a death yak
  8645 | D:10     | Killed a death yak
  8649 | D:10     | Killed a death yak
  8661 | D:10     | Killed a death yak
  8662 | D:10     | Reached XP level 11. HP: 54/97 MP: 10/10
  8895 | D:10     | Reached skill level 14 in Axes
  8910 | D:10     | Noticed a soul eater
  8910 | D:10     | Killed harryby's ghost
  8911 | D:10     | Reached skill level 5 in Shields
  8919 | D:10     | Found a staircase to the Lair.
  9553 | D:10     | Noticed a two-headed ogre
  9558 | D:10     | Killed a two-headed ogre
  9826 | D:11     | Found a blossoming altar of Fedhas.
  9842 | D:11     | Reached skill level 10 in Fighting
 10239 | D:11     | Found a staircase to the Orcish Mines.
 10753 | D:11     | Noticed a boulder beetle
 10788 | D:11     | Killed a boulder beetle
 11167 | D:11     | Reached skill level 15 in Axes
 11549 | D:12     | Reached skill level 1 in Throwing
 11650 | D:12     | Noticed a cyan ugly thing
 11662 | D:12     | Killed a cyan ugly thing
 11663 | D:12     | Reached XP level 12. HP: 33/108 MP: 11/11
 12052 | D:12     | Noticed Sonja
 12063 | Abyss:2  | Found a corrupted altar of Lugonu.
 12063 | Abyss:2  | Cast into level 2 of the Abyss (Sonja)
 12106 | Abyss:2  | Noticed a green draconian monk
 12112 | Abyss:2  | HP: 3/108 [poisoned by a green draconian monk (poison gas)]
 12112 | Abyss:2  | Demolished by a green draconian monk

Illustrated notes

Levels and vault maps discovered:
D:1:      roderic_chinese_lattice_arrival, layout_basic
D:2:      layout_loops_ring
D:3:      layout_basic
D:4:      layout_loops_cross, bh_walls_and_bars, uniq_grinder
D:5:      layout_rooms
D:6:      layout_basic, minmay_temple_entry_slanted
D:7:      layout_basic
D:8:      layout_loops_cross
D:9:      layout_gridville, grunt_temple_overflow_open, minmay_misc_feat_rugged
D:10:     layout_roguey, dpeg_lair_monsters, gammafunk_ghost_nasty_kobolds
D:11:     layout_loops_corners, erik_orc_2, fedhas_ov_isle_minmay
D:12:     layout_roguey, serial_shops, kennysheep_mini_moat, uniq_sonja,
          uniq_lodul
Abyss:2:  base: D:5, guppyfry_abyss_exit_spiral_guarded

Skill      XL: |  1  2  3  4  5  6  7  8  9 10 11 |
---------------+----------------------------------+-----
Axes           | 4 5 6 7 8 10 11 13 15 | 15.2
Fighting       | 4 5 6 7 8 9 10 | 10.7
Dodging        | 3 4 5 |  5.5
Armour         | 3 5 7 8 10 12 | 12.1
Stealth        | 1 |  1.7
Shields        | 2 4 6 |  6.9
Throwing       | 1 |  1.6

Action                     |  1- 3 |  4- 6 |  7- 9 | 10-12 || total
---------------------------+-------+-------+-------+-------++-------
  Melee: Hand axe          |    78 |    60 |   260 |       ||   398
         Headbutt          |     4 |     8 |    62 |    88 ||   162
         Punch             |       |     1 |     3 |       ||     4
         War axe           |       |       |    62 |   384 ||   446
  Throw: Boomerang         |       |       |       |    17 ||    17
 Invoke: Berserk           |     1 |     1 |     1 |     5 ||     8
         Trog's Hand       |       |     1 |     7 |     7 ||    15
    Use: Scroll            |     1 |     3 |     6 |     4 ||    14
         Potion            |       |       |       |     2 ||     2
   Stab: Sleeping          |     1 |       |       |       ||     1
 Armour: Animal skin       |    55 |    13 |       |       ||    68
         Chain mail        |       |    29 |   249 |    41 ||   319
         Plate armour      |       |       |       |   199 ||   199
  Dodge: Dodged            |    69 |    41 |   153 |   107 ||   370
  Block: Kite shield       |       |       |    44 |   158 ||   202
